AoeStats
← shaggy

Arena

510082537Analyzed
2v2 RM · 4d ago on Sep 29, 2026· 47m 1s· 4 players
Game mode
Random Map
Map size
Medium (4 player)
Population
200
Speed
Normal
Resources
Standard
Victory
Conquest
Starting age
Dark Age
Ending age
Imperial Age
RankedLock teamsTeams togetherTeam positionsShared explorationLock speedFull tech treeHidden civsTurbo modeCheats
Victory
Defeat
🇹🇼 Tupi · Taiwan
1219
+15
🇩🇪 Teutons · Germany
1171
+16
🇨🇳 Koreans · China
1194
-16
🇦🇷 Bohemians · Argentina
1174
-15
ICAC
9:05 Loom
11:34 Feudal Age
15:08 Castle Age
13:10 Horse Collar
13:44 Double-Bit Axe
18:15 Chemistry
24:11 Wagenburg Tactics
36:21 Imperial Age
33:31 Pikeman
35:03 Scale Mail Armor
35:13 Forging
35:34 Squires
36:11 Fortified Wall
35:54 Arson
36:31 Halberdier
37:31 Halberdier
40:51 Chain Mail Armor
41:11 Iron Casting
41:01 Conscription
41:42 Ballistics
勇敢牛牛
10:08 Feudal Age
12:27 Loom
13:03 Fletching
20:32 Castle Age
19:13 Double-Bit Axe
20:24 Horse Collar
22:40 Bow Saw
25:55 Wheelbarrow
31:55 Imperial Age
31:14 Hand Cart
30:57 Bodkin Arrow
31:07 Heavy Plow
34:28 Chemistry
33:48 Ballistics
34:12 Bracer
35:17 Devotion
35:01 Elite War Wagon
37:28 Forging
37:18 Scale Mail Armor
37:13 Elite Skirmisher
39:06 Chain Mail Armor
39:26 Iron Casting
41:04 Two-Man Saw
40:02 Arson
39:38 Elite Fire Lancer
40:51 Plate Mail Armor
42:03 Squires
41:57 Man-at-Arms
43:10 Capped Ram
44:39 Squires
44:38 Long Swordsman
45:48 Two-Handed Swordsman
慢工出細活
6:15 Loom
8:48 Feudal Age
9:51 Double-Bit Axe
13:41 Fletching
18:19 Horse Collar
23:45 Castle Age
22:23 Gold Mining
22:54 Padded Archer Armor
25:54 Bow Saw
26:12 Heavy Plow
31:15 Imperial Age
29:04 Bodkin Arrow
29:50 Leather Archer Armor
30:45 Sanctity
31:15 Wheelbarrow
32:38 Illumination
32:24 Bracer
33:36 Hand Cart
34:25 Ring Archer Armor
34:15 Stone Mining
35:40 Ballistics
36:21 Chemistry
35:39 Town Watch
37:22 Theocracy
36:38 Elite Blackwood Archer
38:04 Conscription
39:09 Two-Man Saw
39:55 Town Patrol
40:25 Curare
41:20 Forging
41:11 Scale Mail Armor
41:05 Champi Runner
41:46 Squires
41:32 Arson
41:44 Champi Warrior
43:04 Iron Casting
43:14 Caciques
42:40 Elite Champi Warrior
44:21 Chain Mail Armor
45:33 Plate Mail Armor
shaggy
9:48 Feudal Age
14:15 Castle Age
12:28 Double-Bit Axe
12:41 Horse Collar
19:35 Heavy Plow
22:42 Loom
23:24 Bow Saw
23:43 Fortified Wall
24:17 Forging
24:53 Scale Barding Armor
25:30 Masonry
25:14 Fletching
25:25 Gold Mining
25:25 Stone Mining
27:25 Wheelbarrow
27:52 Bloodlines
30:50 Imperial Age
30:28 Bodkin Arrow
31:24 Hand Cart
33:08 Chemistry
32:29 Ballistics
34:10 Conscription
34:39 Crop Rotation
35:25 Two-Man Saw
34:49 Chain Barding Armor
35:05 Iron Casting
34:09 Cavalier
36:13 Crenellations
36:19 Paladin
37:03 Elite Skirmisher
38:18 Stone Mining
39:15 Plate Barding Armor
39:41 Blast Furnace
38:41 Padded Archer Armor
38:51 Elite Teutonic Knight
42:25 Hoardings
44:54 Scale Mail Armor
46:05 Siege Engineers
46:12 Squires
45:58 Arson
46:36 Ironclad
47:36 Stone Shaft Mining
Connection lost

Rejoining the realm…

Still unreachable

The connection could not be restored.

Session expired

The server has moved on; the page needs a fresh start.